 Dungeon Crawl Stone Soup version 0.31-a0-703-gcfe89afef6 (webtiles) character file.

Game seed: 5588014030150287870

12 Ofeo the Sneak (level 2, -2/19 HPs)
             Began as a Demonspawn Wanderer on Sept 9, 2023.
             Slain by a gnoll
             ... wielding a +0 club
              (7 damage)
             ... on level 1 of the Dungeon.
             The game lasted 00:00:40 (378 turns).

Ofeo the Sneak (Demonspawn Wanderer)                 Turns: 378, Time: 00:00:41

Health: -2/19      AC:  3    Str:  9    XL:     2   Next: 20%
Magic:  1/5        EV: 12    Int: 17    God:
Gold:   0          SH:  0    Dex: 17    Spells: 4/5 levels left

rFire   . . .        a - +0 dagger
rCold   . . .        (no shield)
rNeg    . . .        c - +0 robe
rPois   .            (no helmet)
rElec   .            (no cloak)
rCorr   .            (no gloves)
SInv    .            d - +0 pair of boots
Will    .....        (no amulet)
Stlth   ++           f - +6 ring of dexterity
HPRegen 0.23/turn    (no ring)
MPRegen 0.09/turn

%: no passive effects
@: no status effects
A: foul stench 1
a: no special abilities


You were on level 1 of the Dungeon.
You visited 1 branch of the dungeon, and saw 1 of its levels.

Inventory:

Hand Weapons
 a - a +0 dagger (weapon)
Armour
 c - a +0 robe (worn)
 d - a +0 pair of boots (worn)
Jewellery
 f - a +6 ring of dexterity (left hand)
Scrolls
 e - 3 scrolls of teleportation {unknown}
Potions
 b - a potion of attraction


   Skills:
 + Level 1.2 Dodging
 + Level 2.8 Stealth
 + Level 2.1 Spellcasting
 + Level 2.0 Ice Magic
 + Level 1.1 Earth Magic
 + Level 1.2 Evocations


You had 4 spell levels left.
You knew the following spells:

 Your Spells              Type           Power      Damage    Failure   Level
a - Freeze                Ice            32%        1d5       9%          1

Your spell library contained the following spells:

 Spells                   Type           Power      Damage    Failure   Level
 Sandblast                Erth           10%        2d5       12%         1
 Frozen Ramparts          Ice            16%        1d3       26%         3
 Ozocubu's Armour         Ice            8%         N/A       26%         3
 Stone Arrow              Conj/Erth      6%         3d7       41%         3


Dungeon Overview and Level Annotations

Branches:
Dungeon (1/15)

Altars:


Innate Abilities, Weirdness & Mutations

You may rarely emit foul miasma when damaged in melee.


Message History

The helpless ball python fails to defend itself.
You puncture the ball python!
You kill the ball python!
The gnoll shouts!
You hit the gnoll.
The gnoll is lightly wounded.
The gnoll closely misses you.
You freeze the gnoll.
The gnoll is moderately wounded.
The gnoll hits you with a +0 club.
You take 4 damage, and have 15/19 hp.
MASSIVE DAMAGE!!
You now have 1/5 mp.
You barely miss the gnoll.
The gnoll is moderately wounded.
The gnoll barely misses you. The rat closely misses you.
You hit the gnoll but do no damage.
The gnoll is moderately wounded.
The gnoll hits you with a +0 club! The rat bites you.
You take 8 damage, and have 8/19 hp.
MASSIVE DAMAGE!!
You hit the gnoll.
The gnoll is moderately wounded.
The gnoll misses you. The rat bites you.
You take 2 damage, and have 6/19 hp.
Casting: Freeze (safe; 9% risk of failure)
Confirm with . or Enter, or press ? or * to list all spells.
Aiming: Freeze (safe; 9% risk of failure)
Press: ? - help, Shift-Dir - straight line, f/p - gnoll
Aim: a gnoll, wielding a +0 club (moderately wounded)
You freeze the gnoll.
The gnoll is moderately wounded.
The gnoll hits you with a +0 club.
* * * LOW HITPOINT WARNING * * *
The rat bites you but does no damage.
You take 2 damage, and have 4/19 hp.
You now have 0/5 mp.
Casting: Freeze (safe; 9% risk of failure)
Confirm with . or Enter, or press ? or * to list all spells.
Okay, then.
You closely miss the gnoll.
The gnoll is moderately wounded.
The gnoll hits you with a +0 club!
You die...

...##.##.##..##
##...##.#..#..#
##################
################.#
.........##......#
.........##......#
..♣♣♣♣♣♣..#......#
##.## .♣♣
♣.........#......
♣♣
##.†.....@g......
♣ #.#......r......
♣†............?.
+.#......#......
♣.#......#......
#.#.######...... ♣
#.#.# ..... .♣
..#.# ##### .. .#.


You could see a gnoll and a rat.

Vanquished Creatures
  An endoplasm (D:1)
  A giant cockroach (D:1)
  A goblin (D:1)
  3 hobgoblins (D:1)
  A quokka (D:1)
  A ball python (D:1)
  A frilled lizard (D:1)
  A kobold (D:1)
  A rat (D:1)
11 creatures vanquished.

Notes
Turn   | Place    | Note
-------+----------+-------------------------------------------
     0 | D:1      | Ofeo the Demonspawn Wanderer began the quest for the Orb.
     0 | D:1      | Ofeo set off with the following items: a +0 dagger, a
                  | potion of attraction, a +0 robe, a +0 pair of boots; and
                  | the following spells available to memorise: Freeze,
                  | Sandblast, Frozen Ramparts, Ozocubu's Armour, Stone Arrow.
     0 | D:1      | Reached XP level 1. HP: 13/13 MP: 3/3
     2 | D:1      | Learned a level 1 spell: Freeze
   290 | D:1      | Gained mutation: You may rarely emit foul miasma when
                  | damaged in melee. [demonic ancestry]
   290 | D:1      | Reached XP level 2. HP: 15/19 MP: 0/5
   378 | D:1      | Slain by a gnoll

Illustrated notes

Levels and vault maps discovered:
D:1:      erik_arrival_cave_to_civilisation [erik_arrival_cave_to_hall],
          layout_rooms, dilly_ecumenical_altar_fadedgnrine, serial_shops, shop,
          chequers_garden

Skill      XL: |  1  2 |
---------------+-------+-----
Ice Magic      | 2 |  2.0
Dodging        | |  1.2
Stealth        | |  2.8
Spellcasting   | |  2.1
Earth Magic    | |  1.1
Evocations     | |  1.2

Action                     || total
---------------------------++-------
  Melee: Dagger            ||    18
         Punch             ||     1
   Cast: Freeze            ||    15
   Stab: Sleeping          ||     3
 Armour: Robe              ||    17
  Dodge: Dodged            ||    15

Table legend: (Time is in decaauts)
 A = Elapsed time spent in this place.
 B = Non-inter-level travel time spent in this place.
 C = Inter-level travel time spent in this place.
 D = Time resting spent in this place.
 E = Time spent auto-exploring this place.
 F = Levels seen in this place.
 G = Mean time per level.
                   A        B        C        D        E       F      G
               +--------+--------+--------+--------+--------+-----+--------+
         Total |    377 |    377 |      0 |      0 |    306 |   1 |  377.0 |
       Dungeon |    377 |    377 |      0 |      0 |    306 |   1 |  377.0 |
               +--------+--------+--------+--------+--------+-----+--------+

Top non-repeatable levels by time:
     D:1: 377 daAuts
